 Dungeon Crawl Stone Soup version 0.29-a0-847-g24c0ca63c9 (webtiles) character file.

Game seed: 1200869164309857315

1857 Malachi the Basher (level 8, -5/62 HPs)
             Began as a Palentonga Fighter on July 16, 2022.
             Was a Follower of the Shining One.
             Slain by Pikel
             ... wielding a +2 whip of electrocution
              (10 damage)
             ... on level 6 of the Dungeon.
             The game lasted 00:07:06 (7929 turns).

Malachi the Basher (Palentonga Fighter)             Turns: 7929, Time: 00:07:07

Health: -5/62      AC: 22    Str: 19 (21) XL:     8   Next: 89%
Magic:  8/8        EV:  3    Int:  6 (9)  God:    the Shining One [*.....]
Gold:   382        SH:  4    Dex:  8 (10) Spells: 7/7 levels left

rFire   . . .      SeeInvis +   a - +0 flail (flame)
rCold   . . .      Faith    .   c - +0 buckler
rNeg    . . .      Spirit   .   D - +0 plate armour
rPois   .          Reflect  .   (no helmet)
rElec   .          Harm     .   q - +0 cloak
rCorr   .          Rampage  .   m - +0 pair of gloves
Will    +....                   (no barding)
Stlth   ..........              (no amulet)
HPRegen 0.20/turn               j - +4 ring of protection
MPRegen 0.11/turn               B - ring of willpower

@: mighty, glowing, curled up
A: large, rugged brown scales 3, see invisible, deformed body, roll 1, armoured
tail, reflexive curl
a: Rolling Charge, Renounce Religion, Divine Shield


You were on level 6 of the Dungeon.
You worshipped the Shining One.
The Shining One was aware of your devotion.
You visited 1 branch of the dungeon, and saw 7 of its levels.

You collected 382 gold pieces.

Inventory:

Hand Weapons
 a - a +0 flail of flaming (weapon)
Missiles
 v - 2 throwing nets
Armour
 c - a +0 buckler (worn)
 m - a +0 pair of gloves (worn)
 q - a +0 cloak (worn)
 D - a +0 plate armour (worn)
Jewellery
 j - a +4 ring of protection (left hand)
 B - a ring of willpower (right hand)
 C - a ring of magical power
Wands
 r - a wand of flame (36)
Scrolls
 b - a scroll of fog
 f - 2 scrolls of immolation
 h - 4 scrolls of teleportation
 i - a scroll of enchant weapon
 l - 3 scrolls of fear
 p - a scroll of amnesia
 u - a scroll of silence
 w - a scroll of magic mapping
 A - a scroll of blinking
Potions
 d - 3 potions of might
 e - a potion of lignification {unknown}
 g - a potion of curing {unknown}
 k - a potion of ambrosia
 n - a potion of magic {unknown}
 o - 2 potions of heal wounds {unknown}
 s - 2 potions of degeneration
 t - 2 potions of haste {unknown}
 x - a potion of mutation {unknown}
 z - a potion of resistance {unknown}


   Skills:
 - Level 3.0 Fighting
 + Level 11.7 Maces & Flails
 - Level 2.4 Armour
 - Level 2.6 Shields


You had 7 spell levels left.
You didn't know any spells.
Your spell library was empty.

Dungeon Overview and Level Annotations

Branches:
Dungeon (7/15)
 Temple: D:4-7

Altars:
Ashenzari
Hepliaklqana
Makhleb
Okawaru
Vehumet
Wu Jian
The Shining One

Shops:
D:2 =   D:3 *[*[

Annotations:
D:5 3 runed translucent doors, aves's ghost, novice DsFi
D:6 Pikel


Innate Abilities, Weirdness & Mutations

You are completely covered in rugged brown scales. (AC +3, +7% HP)
You have supernaturally acute eyesight. (SInv)
Armour fits poorly on your strangely shaped body.
You can roll at nearby foes to attack.
You have a long armoured tail.
You curl defensively after being hit. (AC +7*)


Message History

You block the centaur's attack.
The centaur kicks you but does no damage.
You sock the centaur! You burn the centaur.
You kill the centaur!
You feel your dexterity returning.
Roll where?
Press: ? - help, Q - select action, (/) - cycle Dir - move target, f - Pikel
Aim: Pikel, wielding a +2 whip of electrocution and wearing a +0 robe of willpower You roll forward with a clatter of scales!
You hit Pikel. You burn Pikel.
Pikel is lightly wounded.
Pikel hits you with a +2 whip of electrocution.
You are electrocuted!!
* * * LOW HITPOINT WARNING * * *
The orc hits you but does no damage.
You hit Pikel. You burn Pikel.
Pikel is moderately wounded.
Pikel hits you but does no damage. The orc hits you but does no damage.
You hit Pikel. You burn Pikel.
Pikel is heavily wounded.
Pikel hits you with a +2 whip of electrocution.
* * * LOW HITPOINT WARNING * * *
You block the orc's attack.
You hit Pikel. You burn Pikel.
Pikel is heavily wounded.
Pikel hits you with a +2 whip of electrocution.
* * * LOW HITPOINT WARNING * * *
The orc hits you but does no damage.
You hit Pikel. You burn Pikel.
Pikel is heavily wounded.
Pikel hits you with a +2 whip of electrocution.
* * * LOW HITPOINT WARNING * * *
The orc hits you but does no damage.
You hit Pikel. You burn Pikel.
Pikel is severely wounded.
Pikel hits you with a +2 whip of electrocution.
* * * LOW HITPOINT WARNING * * *
You are electrocuted!
You die...

#### ###..#####
#........##
#####.........### ####
#.##............## #..##
#.o@.............# ##..#
#.K#..........)..# #..##
#..#.).........)## ##..#
#)>.#...........# #
#..## ##..##.........##
## ##..#
#..###############.
##.## #..## #..#.#
#..###...# #..##.
#.....)..############...


You could see Pikel and an orc.

Vanquished Creatures
  2 water moccasins
  An ice beast (D:6)
  A black bear (D:5)
  2 ogres
  3 centaurs
  A lemure (D:6)
  A phantom (D:7)
  4 scorpions
  A necrophage (D:5)
  4 killer bees (D:6)
  A howler monkey (D:6)
  2 orc priests
  2 jellies
  A hound (D:5)
  3 iguanas
  2 orc wizards
  9 adders
  A shadow imp (D:3)
  3 white imps
  An ufetubus (D:6)
  7 worms
  A dart slug (D:2)
  7 orcs
  6 ball pythons
  6 endoplasms
  3 giant cockroaches
  6 goblins
  8 hobgoblins
  2 jackals (D:1)
  3 quokkas
  5 bats
  4 frilled lizards
  4 kobolds
  7 rats
114 creatures vanquished.

Notes
Turn   | Place    | Note
-------+----------+-------------------------------------------
     0 | D:1      | Malachi the Palentonga Fighter began the quest for the Orb.
     0 | D:1      | Reached XP level 1. HP: 19/19 MP: 1/1
    76 | D:1      | Reached XP level 2. HP: 24/25 MP: 2/2
   132 | D:1      | Reached skill level 3 in Maces & Flails
   746 | D:2      | Reached XP level 3. HP: 31/31 MP: 3/3
   939 | D:2      | Found Buitithruvem's Jewellery Shop.
  1074 | D:2      | Reached skill level 4 in Maces & Flails
  1313 | D:2      | Found a faded altar of an unknown god.
  1490 | D:3      | Found Cyusiciyca's General Store.
  1519 | D:3      | Found an iron altar of Okawaru.
  1692 | D:3      | Found Ytzauh's Armour Boutique.
  1696 | D:3      | Reached XP level 4. HP: 37/37 MP: 4/4
  1919 | D:3      | Found Tunos's Armour Shop.
  1949 | D:3      | Found Baus Wapn's General Store.
  2098 | D:3      | Found a radiant altar of Vehumet.
  2217 | D:3      | Reached skill level 5 in Maces & Flails
  2442 | D:3      | Found a hazy altar of Hepliaklqana.
  2445 | D:3      | Found a broken altar of Ashenzari.
  2448 | D:3      | Found a glowing golden altar of the Shining One.
  2673 | D:3      | Became a worshipper of the Shining One
  3032 | D:4      | Reached XP level 5. HP: 31/42 MP: 5/5
  3582 | D:4      | Reached skill level 6 in Maces & Flails
  3851 | D:5      | Entered Level 5 of the Dungeon
  3904 | D:5      | Reached XP level 6. HP: 29/50 MP: 6/6
  4181 | D:5      | Noticed a water moccasin
  4193 | D:5      | Killed a water moccasin
  4194 | D:5      | Reached skill level 7 in Maces & Flails
  4475 | D:5      | Found a runed translucent gate.
  4475 | D:5      | Found a runed translucent gate.
  4475 | D:5      | Noticed aves's ghost (novice DsFi)
  4477 | D:5      | Found a runed translucent gate.
  4599 | D:5      | Identified the +0 leather armour of Wu Jian's Envy {Int+3}
  4806 | D:5      | Gained mutation: You curl defensively after being hit. (AC
                  | +7*) [Palentonga growth]
  4806 | D:5      | Reached XP level 7. HP: 39/55 MP: 7/7
  4831 | D:5      | Reached skill level 8 in Maces & Flails
  5331 | D:5      | Reached skill level 9 in Maces & Flails
  6202 | D:6      | Reached XP level 8. HP: 61/62 MP: 8/8
  6205 | D:6      | Reached * piety under the Shining One
  6639 | D:7      | Reached skill level 10 in Maces & Flails
  6897 | D:7      | Found an ornate altar of the Wu Jian Council.
  6899 | D:7      | Found a burning altar of Makhleb.
  6935 | D:7      | Noticed Pikel
  7260 | D:6      | Reached skill level 11 in Maces & Flails
  7929 | D:6      | Slain by Pikel

Illustrated notes

Levels and vault maps discovered:
D:1:      denvon_arrival_planthouse, layout_loops_ring, hangedman_decor_push
D:2:      layout_rooms, shapermc_ecumenical_altar_mp_vishouse, serial_shops,
          nicolae_shop_behind_doors, glass_columns_a, kennysheep_generic_room_14
D:3:      layout_loops_corners, mainiacjoe_overflow_24_doors,
          grunt_temple_overflow_diamond, vehumet_altar_wand_db, serial_shops,
          shop, shop_statue, shop_statue, nicolae_shop_stone
D:4:      layout_basic
D:5:      layout_basic, gammafunk_ghost_split
D:6:      layout_cave_pods, nicolae_eternal_life
D:7:      layout_cave_pools, jmf_multi_god_temple, lemuel_temple_firewalk_a,
          uniq_pikel

Skill      XL: |  1  2  3  4  5  6  7  8 |
---------------+-------------------------+-----
Maces & Flails | 3 4 5 6 7 9 11 | 11.7
Fighting       | |  3.0
Armour         | |  2.4
Shields        | |  2.6

Action                   |  1- 3 |  4- 6 |  7- 9 || total
-------------------------+-------+-------+-------++-------
Melee: Flail             |   110 |   120 |   125 ||   355
       Tailslap          |    12 |    14 |    20 ||    46
 Abil: Rolling Charge    |       |     1 |     9 ||    10
  Use: Scroll            |       |     8 |     5 ||    13
       Potion            |       |       |     3 ||     3
Armor: Scale mail        |    65 |    64 |    18 ||   147
       Plate armour      |       |       |   121 ||   121
Dodge: Dodged            |    36 |    32 |    27 ||    95
Block: Buckler           |    18 |    13 |    34 ||    65

Table legend: (Time is in decaauts)
 A = Elapsed time spent in this place.
 B = Non-inter-level travel time spent in this place.
 C = Inter-level travel time spent in this place.
 D = Time resting spent in this place.
 E = Time spent auto-exploring this place.
 F = Levels seen in this place.
 G = Mean time per level.
                   A        B        C        D        E       F      G
               +--------+--------+--------+--------+--------+-----+--------+
         Total |   7970 |   7619 |    351 |   1438 |   5245 |   7 | 1138.6 |
       Dungeon |   7970 |   7619 |    351 |   1438 |   5245 |   7 | 1138.6 |
               +--------+--------+--------+--------+--------+-----+--------+

Top non-repeatable levels by time:
     D:6: 1969 daAuts
     D:5: 1901 daAuts
     D:3: 1321 daAuts
     D:4: 1133 daAuts
     D:1: 800 daAuts
     D:2: 635 daAuts
     D:7: 207 daAuts
